 Dungeon Crawl Stone Soup version 0.22-b1-21-g5cfc168 (webtiles) character file.

724 tyranidshit the Skirmisher (level 7, -11/59 HPs)
             Began as a Demonspawn Abyssal Knight on Aug 5, 2018.
             Was a Priest of Lugonu.
             Mangled by Duvessa
             ... wielding a +5 short sword of venom
              (12 damage)
             ... on level 4 of the Dungeon.
             The game lasted 00:09:46 (3606 turns).

tyranidshit the Skirmisher (DsAK)                   Turns: 3606, Time: 00:09:47

Health: -11/59     AC: 16    Str: 19    XL:     7   Next: 43%
Magic:  0/18       EV: 11    Int: 13    God:    Lugonu [***...]
Gold:   173        SH:  0    Dex: 18    Spells: 6/6 levels left

rFire    . . .     SeeInvis .   a - +1 hand axe
rCold    + . .     Gourm    .   (no shield)
rNeg     . . .     Faith    .   m - +0 plate armour
rPois    .         Spirit   +   (helmet restricted)
rElec    .         Reflect  .   (no cloak)
rCorr    .         Harm     .   l - +2 pair of gloves
MR       .....                  (no boots)
Stlth    ..........             p - amulet of rage
HPRegen  0.19/turn              e - ring of magical power
MPRegen  0.32/turn              o - ring of protection from cold

@: mighty, agile, lethally poisoned (-11 -> -49), glowing
A: horns 1, rugged brown scales 1, magic shield, magic regeneration
a: Depart the Abyss, Bend Space, Banish, Renounce Religion, Evoke Berserk Rage


You were on level 4 of the Dungeon.
You worshipped Lugonu.
Lugonu was most pleased with you.
You were not hungry.

You visited 1 branch of the dungeon, and saw 4 of its levels.
You visited the Abyss 1 time.

You collected 173 gold pieces.

Inventory:

Hand Weapons
 a - a +1 hand axe (weapon)
 s - a +0 flail of protection
Armour
 b - a +0 leather armour
 k - a +0 ring mail
 l - a +2 pair of gloves (worn)
 m - a +0 plate armour (worn)
Jewellery
 e - a ring of magical power (left hand)
 o - a ring of protection from cold (right hand)
 p - an amulet of rage (around neck)
 q - an uncursed ring of flight
Wands
 r - a wand of polymorph (14)
Scrolls
 f - a scroll of teleportation
 g - 2 scrolls of remove curse
 j - 3 scrolls of identify
Potions
 i - 2 potions of brilliance
Comestibles
 c - 9 rations


   Skills:
 - Level 6.0 Fighting
 - Level 1.7 Axes
 - Level 5.3 Armour
 - Level 0.8 Dodging
 + Level 3.7 Invocations
 + Level 1.9 Evocations


You had 6 spell levels left.
You didn't know any spells.
Your spell library was empty.

Dungeon Overview and Level Annotations

Branches:
Dungeon (4/15)
 Temple: D:4-7

Altars:
Cheibriados
Kikubaaqudgha
Nemelex Xobeh
Okawaru

Annotations:
D:4 Duvessa


Innate Abilities, Weirdness & Mutations

You have a pair of small horns on your head.
You are partially covered in rugged brown scales. (AC +1, +3% HP)
When hurt, damage is shared between your health and your magic reserves.
You regenerate magic rapidly.


Message History

Duvessa is moderately wounded.
You hit Dowan.
* * * LOW HITPOINT WARNING * * *
You feel very sick.
Duvessa hits you with a short sword of venom.
* * * LOW HITPOINT WARNING * * *
You are more poisoned.
Dowan completely misses you.
You closely miss Duvessa. You headbutt Duvessa!
Duvessa is severely wounded.
You slash Dowan!
You kill Dowan!
Lugonu accepts your kill.
Duvessa weeps, then rights herself and shakes her weapon.
Duvessa goes berserk!
* * * LOW HITPOINT WARNING * * *
You feel very sick. Duvessa barely misses you.
Duvessa hits you with a short sword of venom!
You die...

..........#
....
..........##..#
....$.....#..#
........##..#
..$..####..##
##### ##..##
##..## #e)##
##@##
#######.##
###........#
#......>..## #
#.........# ###
#.........#
|.##
###......##
...# ##..#...#
..## ##..######


You could see Duvessa (berserk).

Vanquished Creatures
  A phantom (D:4)
  A centaur (D:4)
  Dowan (D:4)
  A howler monkey (D:2)
  2 orc wizards (D:4)
  3 orc priests (D:4)
  Jessica (D:2)
  A bullfrog skeleton (D:4)
  An iguana (D:4)
  2 worker ants (D:4)
  Robin (D:4)
  5 adders
  2 oozes (D:2)
  An adder skeleton (D:4)
  2 worms (D:3)
  3 leopard geckos
  18 orcs
  13 bats
  3 giant cockroaches
  17 goblins
  12 hobgoblins
  3 jackals (D:3)
  3 quokkas
  A ball python (D:1)
  4 frilled lizards
  7 kobolds
  A leopard gecko skeleton (D:4)
  5 rats
115 creatures vanquished.

Notes
Turn   | Place    | Note
-------+----------+-------------------------------------------
     0 | Abyss:1  | tyranidshit the Demonspawn Abyssal Knight began the quest for the Orb.
     0 | Abyss:1  | Reached XP level 1. HP: 18/18 MP: 2/2
    58 | Abyss:1  | Noticed a large abomination
    91 | D:1      | Escaped the Abyss
   104 | D:1      | Gained mutation: You are partially covered in rugged brown scales. (AC +1, +3% HP) [demonic ancestry]
   104 | D:1      | Reached XP level 2. HP: 11/24 MP: 3/3
   117 | D:1      | Reached * piety under Lugonu
   573 | D:1      | Reached skill level 4 in Fighting
   751 | D:1      | Gained mutation: When hurt, damage is shared between your health and your magic reserves. [demonic ancestry]
   751 | D:1      | Reached XP level 3. HP: 24/30 MP: 4/4
  1116 | D:2      | Reached ** piety under Lugonu
  1260 | D:2      | Found a snail-covered altar of Cheibriados.
  1270 | D:2      | Reached XP level 4. HP: 37/39 MP: 5/5
  1299 | D:2      | Noticed Jessica
  1306 | D:2      | Killed Jessica
  1306 | D:2      | Reached skill level 5 in Fighting
  1352 | D:2      | Found an ancient bone altar of Kikubaaqudgha.
  1352 | D:2      | Found a sparkling altar of Nemelex Xobeh.
  1443 | D:2      | Gained mutation: You have a pair of small horns on your head. [demonic ancestry]
  1443 | D:2      | Reached XP level 5. HP: 47/47 MP: 6/6
  1732 | D:3      | Reached skill level 6 in Fighting
  1856 | D:3      | Found a faded altar of an unknown god.
  1944 | D:3      | Found an iron altar of Okawaru.
  2458 | D:4      | Reached XP level 6. HP: 53/53 MP: 7/7
  2463 | D:4      | Noticed an orc warrior
  2686 | D:4      | Reached *** piety under Lugonu
  2714 | D:4      | Noticed Robin
  2730 | D:4      | Killed Robin
  3230 | D:4      | Noticed a water moccasin
  3230 | D:4      | an orc warrior changed into a water moccasin
  3249 | D:4      | a water moccasin changed into a centaur
  3260 | D:4      | Reached skill level 5 in Armour
  3260 | D:4      | Gained mutation: You regenerate magic rapidly. [demonic ancestry]
  3260 | D:4      | Reached XP level 7. HP: 30/59 MP: 8/8
  3564 | D:4      | Reached skill level 1 in Evocations
  3579 | D:4      | Noticed Dowan
  3579 | D:4      | Noticed Duvessa
  3606 | D:4      | Killed Dowan
  3606 | D:4      | HP: 1/59 [poisoned by Duvessa]
  3606 | D:4      | Mangled by Duvessa

Skill      XL: |  1  2  3  4  5  6  7 |
---------------+----------------------+-----
Fighting       | 4 5 6 |  6.0
Armour         | 3 5 |  5.3
Invocations    | 3 |  3.7
Evocations     | 1 |  1.9
Axes           | |  1.7
Dodging        | |  0.8

Action                   |  1- 3 |  4- 6 |  7- 9 || total
-------------------------+-------+-------+-------++-------
Melee: Hand axe          |   106 |   278 |    48 ||   432
       Headbutt          |       |    44 |    15 ||    59
Invok: Depart the Abyss  |     1 |       |       ||     1
Evoke: Wand              |       |     2 |       ||     2
  Use: Potion            |     4 |     1 |     4 ||     9
       Scroll            |     8 |     2 |       ||    10
 Stab: Sleeping          |     2 |       |       ||     2
  Eat: Ration            |     1 |     2 |       ||     3
Armor: Leather armour    |    33 |       |       ||    33
       Ring mail         |    27 |    22 |       ||    49
       Plate armour      |       |   284 |    33 ||   317
Dodge: Dodged            |   104 |    88 |    17 ||   209
